 Dungeon Sprint DCSS version 0.29-a0-723-gce39da1c22 (webtiles) character file.

Game seed: 11641106145570200627

125 Hipnos the Frost Mage (level 4, -7/36 HPs)
             Began as a Deep Elf Ice Elementalist on June 28, 2022.
             Mangled by a boulder beetle (14 damage)
             ... in the Dungeon (Sprint II: "The Violet Keep of Menkaure").
             The game lasted 00:02:03 (112 turns).

Hipnos the Frost Mage (Deep Elf Ice Elementalist)    Turns: 112, Time: 00:02:04

Health: -7/36      AC: 11    Str:  5    XL:     4   Next: 82%
Magic:  5/13       EV: 13    Int: 22    God:
Gold:   0          SH:  0    Dex: 15    Spells: 3/14 levels left

rFire   . . .      SeeInvis .   (no weapon)
rCold   . . .      Faith    .   (no shield)
rNeg    . . .      Spirit   .   a - +0 robe
rPois   .          Reflect  .   (no helmet)
rElec   .          Harm     .   (no cloak)
rCorr   .          Rampage  .   (no gloves)
Will    .....      NoTele   +   (no boots)
Stlth   ..........              (no amulet)
HPRegen 0.12/turn               (no ring)
MPRegen 0.13/turn               (no ring)

@: berserking, ice-armoured, freezing walls, very quick
A: no striking features
a: no special abilities


You were in the Dungeon.
You visited 1 branch

Inventory:

Armour
 a - a +0 robe (worn)
Scrolls
 g - a scroll of blinking
Potions
 b - 3 potions of magic


   Skills:
 + Level 4.0 Dodging
 - Level 2.4 Stealth
 + Level 5.9 Spellcasting
 + Level 10.2 Ice Magic


You had 3 spell levels left.
You knew the following spells:

 Your Spells              Type           Power      Damage    Failure   Level
a - Freeze                Ice            100%       1d11      1%          1
b - Frozen Ramparts       Ice            100%       1d12      1%          3
c - Ozocubu's Armour      Ice            51%        N/A       1%          3
d - Hailstorm             Conj/Ice       28%        3d8       11%         4

Your spell library contained the following spells:

 Spells                   Type           Power      Damage    Failure   Level


Dungeon Overview and Level Annotations

Branches:
Dungeon (1/1)

Altars:


Message History

The boulder beetle curls into a ball and begins rolling!
Casting: Freeze (safe; 1% risk of failure)
Confirm with . or Enter, or press ? or * to list all spells.
Casting: Frozen Ramparts (safe; 1% risk of failure)
Press: ? - help, Dir - look around, f - activate The walls around you are covered in ice.
The wall freezes the boulder beetle!
The boulder beetle stops rolling and uncurls.
The wall freezes the boulder beetle.
Casting: Frozen Ramparts (safe; 1% risk of failure)
Confirm with . or Enter, or press ? or * to list all spells.
A film of ice covers your body!
The wall freezes the boulder beetle. x2
Casting: Ozocubu's Armour (safe; 1% risk of failure)
Confirm with . or Enter, or press ? or * to list all spells.
Aiming: Freeze (safe; 1% risk of failure)
Press: ? - help, Shift-Dir - straight line, f - boulder beetle
Aim: a boulder beetle (lightly wounded)
You freeze the boulder beetle.
The boulder beetle is moderately wounded.
The wall freezes the boulder beetle!
The wall freezes the boulder beetle.
The boulder beetle bites you!!
Ouch! That really hurt!
* * * LOW HITPOINT WARNING * * *
You feel better.
The wall freezes the boulder beetle!
The boulder beetle closely misses you.
The wall freezes the boulder beetle!
The boulder beetle closely misses you.
A red film seems to cover your vision as you go berserk!
You feel yourself moving faster!
You feel mighty!
The wall freezes the boulder beetle!
The boulder beetle closely misses you.
The wall freezes the boulder beetle.
The boulder beetle bites you!
* * * LOW HITPOINT WARNING * * *
You hit the boulder beetle but do no damage.
The boulder beetle is heavily wounded.
The wall freezes the boulder beetle.
The boulder beetle bites you.
* * * LOW HITPOINT WARNING * * *
You hit the boulder beetle.
The boulder beetle is heavily wounded.
The wall freezes the boulder beetle.
The boulder beetle leaps!
The wall freezes the boulder beetle.
The boulder beetle bites you!
You die...

## ##
##3 $##
.. ..
.#. #
#'# 3#
##B##.#
+@○B+#
##.###
#+#


You could see 2 boulder beetles.

Vanquished Creatures
  A neqoxec (D)
1 creature vanquished.

Notes
Turn   | Place    | Note
-------+----------+-------------------------------------------
     0 | D        | Hipnos the Deep Elf Ice Elementalist began the quest for
                  | the Orb.
     0 | D        | Reached XP level 1. HP: 10/10 MP: 6/6
     1 | D        | Noticed a neqoxec
     9 | D        | Killed a neqoxec
    10 | D        | Reached skill level 5 in Spellcasting
    10 | D        | Reached skill level 10 in Ice Magic
    10 | D        | Reached XP level 2. HP: 15/15 MP: 1/10
    10 | D        | Reached XP level 3. HP: 19/19 MP: 1/12
    10 | D        | Reached XP level 4. HP: 24/24 MP: 1/13
    14 | D        | Learned a level 3 spell: Frozen Ramparts
    18 | D        | Learned a level 3 spell: Ozocubu's Armour
    23 | D        | Learned a level 4 spell: Hailstorm
    24 | D        | Noticed a neqoxec
   103 | D        | Noticed a boulder beetle
   103 | D        | Noticed a boulder beetle
   108 | D        | HP: 1/24 [boulder beetle (23)]
   112 | D        | Mangled by a boulder beetle

Illustrated notes

Levels and vault maps discovered:
D:        the_violet_keep_of_menkaure [sprint2_stairs_cluster_1,
          sprint2_shoproom, sprint2_temple, sprint2_basic_supplies,
          sprint2_obstacle_2, sprint2_obstacle_4, sprint2_obstacle_6,
          sprint2_obstacle_3, sprint2_obstacle_1, sprint2_timed_cluster_1,
          sprint2_smallroom_cluster_1, sprint2_smallroom_final_cluster_1,
          sprint2_transparent_cluster_1, sprint2_second_timed_cluster_1,
          sprint2_sniper_area_1, sprint2_heavy_combat_area_1,
          sprint2_mutation_trap_area_1, sprint2_forest_area_1,
          sprint2_light_combat_area_1, sprint2_behind_water_1,
          sprint2_near_end_vault_1]

Skill      XL: |  1 |
---------------+----+-----
Dodging        | 4 |  4.0
Spellcasting   | 5 |  5.9
Ice Magic      | 10 | 10.2
Stealth        | |  2.4

Action                   |  1- 3 |  4- 6 || total
-------------------------+-------+-------++-------
Melee: Unarmed           |       |     2 ||     2
 Cast: Freeze            |     5 |     1 ||     6
       Ozocubu's Armour  |       |     1 ||     1
       Frozen Ramparts   |       |     1 ||     1
  Use: Potion            |     2 |     2 ||     4
Armor: Robe              |     1 |       ||     1
Dodge: Dodged            |       |     3 ||     3

Table legend: (Time is in decaauts)
 A = Elapsed time spent in this place.
 B = Non-inter-level travel time spent in this place.
 C = Inter-level travel time spent in this place.
 D = Time resting spent in this place.
 E = Time spent auto-exploring this place.
 F = Levels seen in this place.
 G = Mean time per level.
                   A        B        C        D        E       F      G
               +--------+--------+--------+--------+--------+-----+--------+
         Total |     91 |     91 |      0 |     64 |      0 |   1 |   91.0 |
       Dungeon |     91 |     91 |      0 |     64 |      0 |   1 |   91.0 |
               +--------+--------+--------+--------+--------+-----+--------+

Top non-repeatable levels by time:
       D: 91 daAuts
